 Dungeon Crawl Stone Soup version 0.26-a0-612-gd4d190f45e (webtiles) character file.

Game seed: 17770011870689938580

42 DogServant the Vexing (level 3, -1/18 HPs)
             Began as a Spriggan Arcane Marksman on Sept 10, 2020.
             Slain by a kobold
             ... wielding a +0 whip
              (3 damage)
             ... on level 1 of the Dungeon.
             The game lasted 00:05:28 (1303 turns).

DogServant the Vexing (Spriggan Arcane Marksman)    Turns: 1303, Time: 00:05:29

Health: -1/18      AC:  2    Str:  7    XL:     3   Next: 33%
Magic:  6/6        EV: 19    Int: 14    God:
Gold:   13         SH:  0    Dex: 16    Spells: 3/4 levels left

rFire    . . .     SeeInvis +   g - +0 short sword
rCold    . . .     Faith    .   (shield restricted)
rNeg     . . .     Spirit   .   e - +0 robe
rPois    .         Reflect  .   (helmet restricted)
rElec    .         Harm     .   (no cloak)
rCorr    .                      (gloves unavailable)
MR       .....                  (boots unavailable)
Stlth    ++........             (no amulet)
HPRegen  0.06/turn              (no ring)
MPRegen  0.10/turn              (no ring)

@: brilliant, lethally poisoned (-1 -> -10), very quick
A: very small, unfitting armour, see invisible, speed 3
a: no special abilities


You were on level 1 of the Dungeon.
You visited 1 branch of the dungeon, and saw 1 of its levels.

You collected 13 gold pieces.

Inventory:

Hand Weapons
 a - a +1 hunting sling
 g - a +0 short sword (weapon)
Missiles
 c - 71 stones (quivered)
 d - 24 sling bullets
 f - 34 bolts
Armour
 e - a +0 robe (worn)
Scrolls
 j - a scroll of amnesia


   Skills:
 + Level 1.2 Fighting
 * Level 3.4 Slings
 + Level 3.5 Dodging
 + Level 1.9 Stealth
 - Level 1.3 Spellcasting
 - Level 3.7 Hexes


You had 3 spell levels left.
You knew the following spells:

 Your Spells              Type           Power        Failure   Level
a - Corona                Hex            ###....      5%          1

Your spell library contained the following spells:

 Spells                   Type           Power        Failure   Level
 Slow                     Hex            ###.....     9%          2
 Inner Flame              Hex/Fire       #.......     34%         3
 Portal Projectile        Hex/Tloc       #.....       34%         3
 Cause Fear               Hex            ###.......   47%         4
 Leda's Liquefaction      Hex/Erth       #.........   75%         4


Dungeon Overview and Level Annotations

Branches:
Dungeon (1/15)

Altars:


Innate Abilities, Weirdness & Mutations

You are very small and have problems with some larger weapons.
You are too small for most types of armour.
You have supernaturally acute eyesight. (SInv)
You cover ground extremely quickly.


Message History

You feel sick.
* * * LOW HITPOINT WARNING * * *
You feel sick.
As you read the scroll labeled YCYUGE XUFF, it crumbles to dust.
It is a scroll of enchant weapon.
Your +0 hunting sling glows red for a moment.
As you read the scroll labeled ZEAZ ITUTH, it crumbles to dust.
It is a scroll of identify.
j - a scroll of amnesia
* * * LOW HITPOINT WARNING * * *
You feel sick. The kobold barely misses you. x2
Okay, then.
Okay, then.
You barely miss the kobold.
* * * LOW HITPOINT WARNING * * *
You feel sick. The kobold closely misses you. The kobold misses you.
You barely miss the kobold.
* * * LOW HITPOINT WARNING * * *
You feel sick. The kobold hits you with a +0 whip.
You die...

#....# #...
#....# #...
#....###
.....
#......+
.....
#......#
###.((!#
#....#
######....#
#..(.@..###
#...KK..#
#.......#
#.....$.#
#!......#
###
##...##.#
#..
#...##.#
#.. ....+
.# #..
#....# ##
#..


You could see 2 kobolds.

Vanquished Creatures
  An ooze (D:1)
  2 dart slugs (D:1)
  A leopard gecko (D:1)
  3 bats (D:1)
  4 giant cockroaches (D:1)
  2 goblins (D:1)
  A hobgoblin (D:1)
  6 jackals (D:1)
  A frilled lizard (D:1)
  5 kobolds (D:1)
  3 rats (D:1)
29 creatures vanquished.

Notes
Turn   | Place    | Note
-------+----------+-------------------------------------------
     0 | D:1      | DogServant the Spriggan Arcane Marksman began the quest for
                  | the Orb.
     0 | D:1      | Reached XP level 1. HP: 9/9 MP: 3/3
   288 | D:1      | Reached skill level 1 in Fighting
   288 | D:1      | Reached skill level 1 in Stealth
   288 | D:1      | Reached XP level 2. HP: 14/14 MP: 1/5
   753 | D:1      | Reached XP level 3. HP: 18/18 MP: 4/6
  1303 | D:1      | Slain by a kobold

Illustrated notes

Levels and vault maps discovered:
D:1:      lemuel_arrival_funnel, layout_basic

Skill      XL: |  1  2 |
---------------+-------+-----
Fighting       | 1 |  1.2
Stealth        | 1 |  1.9
Slings         | 3 |  3.4
Dodging        | |  3.5
Spellcasting   | |  1.3
Hexes          | |  3.7

Action                   || total
-------------------------++-------
Melee: Short sword       ||    32
 Fire: Hunting sling     ||    88
 Cast: Corona            ||    21
  Use: Scroll            ||     2
       Potion            ||     1
Armor: Robe              ||     9
Dodge: Dodged            ||    89

Table legend: (Time is in decaauts)
 A = Elapsed time spent in this place.
 B = Non-inter-level travel time spent in this place.
 C = Inter-level travel time spent in this place.
 D = Time resting spent in this place.
 E = Time spent auto-exploring this place.
 F = Levels seen in this place.
 G = Mean time per level.
                   A        B        C        D        E       F      G
               +--------+--------+--------+--------+--------+-----+--------+
         Total |   1090 |   1090 |      0 |      0 |    831 |   1 | 1090.0 |
       Dungeon |   1090 |   1090 |      0 |      0 |    831 |   1 | 1090.0 |
               +--------+--------+--------+--------+--------+-----+--------+

Top non-repeatable levels by time:
     D:1: 1090 daAuts
